 Dungeon Crawl Stone Soup version 0.31.0-12-g77e489cdc1 (webtiles) character file.

Game seed: 14481139596191692254

12375 cdecastro the Mimic (level 11, 0/108 HPs)
             Began as a Yellow Draconian Shapeshifter on Feb 26, 2024.
             Was a High Priest of Jiyva.
             Slain by a stone giant (36 damage)
             ... on level 10 of the Dungeon.
             The game lasted 00:23:31 (9191 turns).

cdecastro the Mimic (Yellow Draconian Shapeshifter) Turns: 9191, Time: 00:23:32

Health: 0/108      AC:  8    Str: 17    XL:     11   Next: 61%
Magic:  0/11       EV: 15    Int: 10    God:    Jiyva [*****.]
Gold:   489        SH:  0    Dex: 15    Spells: 10/10 levels left

rFire   + + +        e - melded +1 dagger (venom)
rCold   . . .        (shield currently unavailable)
rNeg    . . .        (body armour unavailable)
rPois   .            (helmet restricted)
rElec   .            J - +0 cloak
rCorr   +            l - melded +0 pair of gloves
SInv    +            (no boots)
Will    .....        w - amulet of guardian spirit
Stlth   +            K - ring of protection from fire
HPRegen 1.82/turn    (no ring)
MPRegen 0.84/turn

%: guardian spirit
@: blade hands, calling ooze
A: spit acid, AC +7, unfitting armour, cold-blooded, acid resistance, fire
resistance 3, mutation resistance 1, robust 1, eyeballs 3
a: Breathe Acid, Begin Untransformation, Renounce Religion, Oozemancy, Slimify


You were on level 10 of the Dungeon.
You worshipped Jiyva.
Jiyva was extremely pleased with you.
You had blades for hands.
You visited 2 branches of the dungeon, and saw 11 of its levels.
You also visited: Sewer and Ossuary.

You collected 533 gold pieces.
You spent 44 gold pieces at shops.

Inventory:

Hand Weapons
 e - a +1 dagger of venom (melded)
 q - a +5 vampiric trident
Armour
 l - a +0 pair of gloves (melded)
 u - an orb of mayhem
 J - a +0 cloak (worn)
Jewellery
 w - an amulet of guardian spirit (around neck)
 F - a ring of ice
 I - a ring of ice
 K - a ring of protection from fire (left blade hand)
Talismans
 b - a beast talisman
 c - a flux talisman
 t - a blade talisman (active)
Wands
 v - a wand of quicksilver (3)
 x - a wand of charming (8)
 H - a wand of flame (1)
Scrolls
 d - 2 scrolls of fog {unknown}
 f - 2 scrolls of brand weapon {unknown}
 g - 5 scrolls of enchant armour {unknown}
 h - 5 scrolls of identify {unknown}
 m - 2 scrolls of teleportation {unknown}
 p - a scroll of enchant weapon {unknown}
 y - 2 scrolls of poison
 z - 3 scrolls of summoning {unknown}
 A - 3 scrolls of revelation {unknown}
 B - 3 scrolls of fear {unknown}
 C - a scroll of blinking {unknown}
 E - a scroll of immolation
 G - a scroll of amnesia {unknown}
 L - a scroll of acquirement {unknown}
 M - a scroll of silence {unknown}
Potions
 a - 2 potions of lignification
 i - 2 potions of invisibility {unknown}
 j - 7 potions of mutation
 k - 3 potions of haste {unknown}
 n - 2 potions of curing {unknown}
 o - 3 potions of brilliance {unknown}
 r - 2 potions of enlightenment
 s - 3 potions of resistance {unknown}
 D - 3 potions of heal wounds {unknown}


   Skills:
 - Level 10.0 Fighting
 * Level 7.5 Dodging
 - Level 10.0 Unarmed Combat
 + Level 10.5 Shapeshifting


You had 10 spell levels left.
You didn't know any spells.
Your spell library contained the following spells:

 Spells                   Type           Power      Damage    Failure   Level
 Necrotise                Necr           0%         1d4       36%         1
 Sandblast                Erth           0%         2d4       36%         1
 Slow                     Hex            0%         N/A       36%         1
 Blink                    Tloc           0%         N/A       50%         2
 Lesser Beckoning         Tloc           0%         N/A       50%         2
 Momentum Strike          Conj/Tloc      0%         3d8       50%         2
 Confusing Touch          Hex            0%         N/A       75%         3
 Passwall                 Erth           0%         N/A       75%         3
 Sigil of Binding         Hex            0%         N/A       75%         3
 Stone Arrow              Conj/Erth      0%         3d7       75%         3
 Vampiric Draining        Necr           0%         2d6       75%         3
 Brom's Barrelling Bould  Conj/Erth      0%         2d3       98%         4
 Martyr's Knell           Necr/Summ      0%         N/A       98%         4
 Olgreb's Toxic Radiance  Alch           0%         N/A       98%         4
 Vhi's Electric Charge    Tloc/Air       0%         N/A       98%         4
 Arcjolt                  Conj/Air       0%         1d10      100%        5
 Curse of Agony           Necr           0%         N/A       100%        5
 Ozocubu's Refrigeration  Ice            0%         4d7       100%        7
 Discord                  Hex            0%         N/A       100%        8
 Maxwell's Capacitive Co  Air            0%         ∞         100%        8


Dungeon Overview and Level Annotations

Branches:
Dungeon (10/15)            Temple (1/1) D:5           Sewer (visited)
Ossuary (visited)
   Lair: D:8-11         Orc: D:9-12

Altars:
Ashenzari
Cheibriados
Dithmenos
Elyvilon
Fedhas
Gozag
Hepliaklqana
Kikubaaqudgha
Makhleb
Nemelex Xobeh
Okawaru
Qazlal
Ru
Sif Muna
Uskayaw
Vehumet
Wu Jian
Yredelemnul
Zin
The Shining One
Jiyva

Shops:
D:7 *


Innate Abilities, Weirdness & Mutations

You have blades for hands.
You are incapable of wielding weapons or throwing items.
You can spit globs of acid.
Your golden yellow scales are hard. (AC +7)
You cannot fit into any form of body armour.
You are cold-blooded and may be slowed by cold attacks.
You are resistant to acid. (rCorr)
Your flesh is almost immune to the effects of heat. (rF+++)
You are somewhat resistant to further mutation.
You are robust. (+10% HP)
Your body is covered in eyes which may confuse attackers. (Acc +7, SInv)


Message History

You slice the yak!!
You kill the yak!
You see here a yak corpse.
Jiyva gurgles merrily.
You hear a distant slurping noise.
You hear a distant slurping noise.
Found the Book of Fumes.
Found a book of Weapons.
You hear a distant slurping noise.
A cyclops comes into view.
The cyclops shouts!
You hear a shout!
A stone giant comes into view.
The stone giant throws a large rock.
The large rock hits you! The cyclops closely misses you.
You hear a distant slurping noise.
The stone giant misses you.
You hear a distant slurping noise.
You see here a book of Weapons.
You completely miss the stone giant. The stone giant hits you!
You slice the stone giant!!
The stone giant is moderately wounded.
The stone giant hits you!!
Unknown command.
You slash the stone giant!
The stone giant is moderately wounded.
The cyclops hits you!
You hear a distant slurping noise.
Unknown command.
You slash the stone giant!
The stone giant is moderately wounded.
The stone giant hits you!!
* * * LOW HITPOINT WARNING * * *
You shudder from the blow and a jelly pops out!
The cyclops closely misses you.
Unknown command.
Activating: Oozemancy (0% risk of failure)
Press: ? - help, Dir - look around, f - activate Slime begins to ooze from the nearby walls!
The walls burn the stone giant!
The stone giant hits you!!!
You die...

##..#.♣.♣.#.♣.♣.♣♣.♣
##...#############♣.♣
##....# ♣♣♣♣♣♣♣.♣
#.....#♣ ♣.......♣
####....#.♣ ♣.♣♣♣♣♣♣♣
♣♣ ##.###...# .♣ ♣.♣
.. ####...###..# ♣J
♣.♣ ♣. .##.....##..#
#C#♣ ♣.♣ ♣.
............# #@##♣.♣
♣. ........#...#
#8#C...♣ ♣.
........#...##.#:##♣.♣
♣$ ......###...#♣#.#
♣.♣ ♣. ......#.....#
♣. ♣.♣ ♣)
......#.....# . ♣.♣ ♣.
......#.....#.♣
♣.♣♣♣♣♣♣♣♣♣♣♣[
......#.....#♣
♣......ce.Qe$.
......#.....#
♣♣♣♣♣♣♣Q♣♣♣♣♣♣


You could see a stone giant (ally target), a cyclops and a friendly azure jelly
(summoned).

Vanquished Creatures
  A two-headed ogre (D:8)
  2 centaur warriors
  A tengu warrior (D:10)
  A boulder beetle (D:9)
  A flayed ghost (D:10)
  A deep elf pyromancer (D:10)
  Pikel (D:5)
  A cyclops (D:9)
  An unseen horror (D:10)
  Jeremiah (D:6)
  Psyche (D:8)
  Grinder (D:6)
  5 trolls
  A wyvern (D:7)
  A vampire (D:9)
  A wraith (D:10)
  A steam dragon (D:8)
  2 yaks
  Eustachio (D:5)
  A vampire mosquito (D:10)
  Edmund (D:6)
  An acid dragon (D:9)
  4 ice beasts
  A black bear (D:6)
  6 ogres
  A lemure (D:5)
  4 centaurs
  Blork the orc (D:5)
  A weeping skull (Ossuary)
  6 kobold brigands
  5 bullfrogs
  A brain worm (Sewer)
  A gnoll sergeant (D:5)
  2 scorpions
  18 wights
  A burial acolyte (Ossuary)
  3 killer bees (D:8)
  3 howler monkeys
  A crimson imp (D:8)
  A bombardier beetle (D:6)
  A human zombie (Ossuary)
  3 gnoll boudas
  5 orc priests
  2 hounds (D:4)
  5 iguanas
  6 orc wizards
  6 mummies (Ossuary)
  Robin (D:2)
  18 gnolls
  5 adders
  3 river rats (Sewer)
  5 ufetubi
  2 dart slugs
  A ribbon worm (D:3)
  20 orcs
  2 endoplasms
  3 giant cockroaches
  2 gnoll zombies (Ossuary)
  10 hobgoblins
  8 jackals
  23 kobolds
  5 quokkas
  9 ball pythons
  13 bats
  3 frilled lizards
  16 goblins
  2 kobold zombies (Ossuary)
  3 orc zombies (Ossuary)
  5 rats (D:1)
275 creatures vanquished.

Vanquished Creatures (others)
  An ice beast (D:5)
  A centaur (D:9)
  14 jellies
  A scorpion (D:5)
  2 bombardier beetles (D:5)
  A hound (D:6)
  An orc wizard (D:5)
  3 adders
  A gnoll (D:6)
  A white imp (D:8)
  An ufetubus (D:5)
  A ribbon worm (D:5)
  3 orcs
  An endoplasm (D:4)
  2 goblins
  2 jackals (D:3)
  A quokka (D:5)
  A bat (D:3)
  A kobold (D:9)
39 creatures vanquished.

Grand Total: 314 creatures vanquished

Notes
Turn   | Place    | Note
-------+----------+-------------------------------------------
     0 | D:1      | cdecastro the Draconian Shapeshifter began the quest for
                  | the Orb.
     0 | D:1      | Reached XP level 1. HP: 16/16 MP: 1/1
    35 | D:1      | You fall into a shaft and drop 1 floor!
   165 | D:2      | Noticed Robin
   178 | D:1      | Reached XP level 2. HP: 10/23 MP: 2/2
   651 | D:1      | Found a faded altar of an unknown god.
   687 | D:1      | Prayed at the altar of an unknown god.
   687 | D:1      | Became a worshipper of Jiyva Jeymu the Shapeless
   687 | D:1      | Reached * piety under Jiyva
   733 | D:1      | Reached XP level 3. HP: 29/29 MP: 3/3
  1207 | D:2      | Killed Robin
  1378 | D:2      | Reached ** piety under Jiyva
  1553 | D:2      | Reached XP level 4. HP: 37/37 MP: 4/4
  1793 | D:3      | Found a broken altar of Ashenzari.
  1870 | D:3      | Found a white marble altar of Elyvilon.
  1931 | D:3      | Reached *** piety under Jiyva
  1981 | D:3      | Found a hazy altar of Hepliaklqana.
  1983 | D:3      | Found a sparkling altar of Nemelex Xobeh.
  2081 | D:3      | Gained mutation: You have an increased reservoir of magic.
                  | (+10% MP) [Jiyva's grace]
  2081 | D:3      | Gained mutation: You have a considerably increased
                  | reservoir of magic. (+20% MP) [Jiyva's grace]
  2081 | D:3      | Gained mutation: You have a greatly increased reservoir of
                  | magic. (+30% MP) [Jiyva's grace]
  2081 | D:3      | Gained mutation: You are somewhat resistant to further
                  | mutation. [Jiyva's grace]
  2578 | D:4      | Found a snail-covered altar of Cheibriados.
  2600 | D:4      | Reached XP level 5. HP: 36/46 MP: 6/6
  2636 | D:4      | Reached **** piety under Jiyva
  3035 | D:5      | Entered Level 5 of the Dungeon
  3051 | D:5      | Noticed an ice beast
  3183 | D:5      | Reached skill level 5 in Fighting
  3183 | D:5      | Reached XP level 6. HP: 7/56 MP: 4/7
  3215 | D:5      | Killed an ice beast
  3247 | D:5      | Noticed Pikel
  3400 | D:5      | Noticed Blork the orc
  3414 | D:5      | Killed Blork the orc
  3415 | D:5      | Your scales start taking on a golden yellow colour.
  3415 | D:5      | Reached XP level 7. HP: 50/63 MP: 9/9
  3415 | D:5      | Gained mutation: You are resistant to acid. (rCorr) [Yellow
                  | Draconian growth]
  3446 | D:5      | Reached skill level 5 in Shapeshifting
  3473 | D:5      | Found a glowing drain.
  3481 | Sewer    | Entered a sewer
  3524 | Sewer    | Lost mutation: You have a greatly increased reservoir of
                  | magic. (+30% MP) [Jiyva's grace]
  3524 | Sewer    | Lost mutation: You have a considerably increased reservoir
                  | of magic. (+20% MP) [Jiyva's grace]
  3524 | Sewer    | Gained mutation: You expend magic power (3 MP) to
                  | strengthen your wands. [Jiyva's grace]
  3524 | Sewer    | Gained mutation: You are robust. (+10% HP) [Jiyva's grace]
  3524 | Sewer    | Gained mutation: You are very robust. (+20% HP) [Jiyva's
                  | grace]
  3524 | Sewer    | Gained mutation: You are extremely robust. (+30% HP)
                  | [Jiyva's grace]
  3620 | Sewer    | Reached ***** piety under Jiyva
  4226 | D:5      | Noticed Eustachio
  4308 | D:5      | Killed Eustachio
  4309 | D:5      | Reached XP level 8. HP: 73/96 MP: 8/8
  4346 | D:5      | Found a staircase to the Ecumenical Temple.
  4385 | D:5      | Killed Pikel
  4393 | Temple   | Entered the Ecumenical Temple
  4417 | D:5      | Found a shimmering blue altar of Sif Muna.
  4986 | D:6      | Reached skill level 10 in Fighting
  5087 | D:6      | Noticed Jeremiah
  5107 | D:6      | Reached XP level 9. HP: 106/110 MP: 9/9
  5202 | D:6      | Reached skill level 5 in Unarmed Combat
  5386 | D:6      | Found a shadowy altar of Dithmenos.
  5398 | D:6      | Noticed Edmund
  5418 | D:6      | Killed Edmund
  5798 | D:6      | Lost mutation: You have an increased reservoir of magic.
                  | (+10% MP) [Jiyva's grace]
  5798 | D:6      | Lost mutation: You are extremely robust. (+30% HP) [Jiyva's
                  | grace]
  5798 | D:6      | Lost mutation: You are very robust. (+20% HP) [Jiyva's
                  | grace]
  5798 | D:6      | Gained mutation: Your body has grown eyes which may confuse
                  | attackers. (Acc +3) [Jiyva's grace]
  5798 | D:6      | Gained mutation: Your body has grown many eyes which may
                  | confuse attackers. (Acc +5) [Jiyva's grace]
  5798 | D:6      | Gained mutation: Your body is covered in eyes which may
                  | confuse attackers. (Acc +7, SInv) [Jiyva's grace]
  5798 | D:6      | Gained mutation: Your tail ends in a venomous barb.
                  | [Jiyva's grace]
  5813 | D:6      | Noticed Grinder
  5831 | D:6      | Killed Grinder
  5929 | D:6      | Killed Jeremiah
  6236 | D:7      | Identified the +3 leather armour of Untold Secrets {Int+5}
  6241 | D:7      | Found an iron altar of Okawaru.
  6311 | D:7      | Found a sand-covered staircase.
  6320 | Ossuary  | Entered an ossuary
  6400 | Ossuary  | Reached XP level 10. HP: 102/102 MP: 10/10
  6584 | D:7      | Found Loqulon's Fire Supplies.
  6592 | D:7      | Bought a scroll of immolation for 44 gold pieces
  6844 | D:8      | Found an opulent altar of Gozag.
  7077 | D:8      | Noticed Psyche
  7082 | D:8      | Killed Psyche
  7177 | D:8      | Noticed a two-headed ogre
  7284 | D:8      | Killed a two-headed ogre
  7315 | D:8      | Reached skill level 10 in Unarmed Combat
  7509 | D:8      | Found a radiant altar of Vehumet.
  7510 | D:8      | Found a burning altar of Makhleb.
  7850 | D:8      | Noticed a centaur warrior
  7857 | D:8      | Killed a centaur warrior
  8117 | D:9      | Found an ancient bone altar of Kikubaaqudgha.
  8126 | D:9      | Lost mutation: Your tail ends in a venomous barb. [Jiyva's
                  | grace]
  8126 | D:9      | Lost mutation: Your body is covered in eyes which may
                  | confuse attackers. (Acc +7, SInv) [Jiyva's grace]
  8126 | D:9      | Lost mutation: You expend magic power (3 MP) to strengthen
                  | your wands. [Jiyva's grace]
  8126 | D:9      | Gained mutation: Your flesh is heat resistant. (rF+)
                  | [Jiyva's grace]
  8126 | D:9      | Gained mutation: Your flesh is very heat resistant. (rF++)
                  | [Jiyva's grace]
  8126 | D:9      | Gained mutation: Your flesh is almost immune to the effects
                  | of heat. (rF+++) [Jiyva's grace]
  8126 | D:9      | Gained mutation: Your body is covered in eyes which may
                  | confuse attackers. (Acc +7, SInv) [Jiyva's grace]
  8264 | D:9      | Noticed a cyclops
  8271 | D:9      | Killed a cyclops
  8272 | D:9      | Reached XP level 11. HP: 88/101 MP: 11/11
  8357 | D:9      | Noticed a boulder beetle
  8372 | D:9      | Killed a boulder beetle
  8373 | D:9      | Reached skill level 5 in Dodging
  8482 | D:9      | Reached ****** piety under Jiyva
  8513 | D:9      | Found a hide-covered altar of Uskayaw.
  8766 | D:10     | Entered Level 10 of the Dungeon
  8776 | D:10     | Reached skill level 10 in Shapeshifting
  8919 | D:10     | Noticed a flayed ghost
  8945 | D:10     | Killed a flayed ghost
  8951 | D:10     | Noticed a deep elf pyromancer
  8951 | D:10     | Noticed a centaur warrior
  8951 | D:10     | Noticed a tengu warrior
  8968 | D:10     | Killed a centaur warrior
  9034 | D:10     | Killed a deep elf pyromancer
  9068 | D:10     | Killed a tengu warrior
  9184 | D:10     | Noticed a stone giant
  9191 | D:10     | Slain by a stone giant

Illustrated notes

Levels and vault maps discovered:
D:1:      psy_arrival_radial02, layout_basic,
          hellmonk_ecumenical_altar_lost_god, minmay_split_cup_large
D:2:      layout_basic, dk_vineyard_1, uniq_robin
D:3:      layout_loops_corners, elyvilon_altar_4,
          mainiacjoe_overflow_catwalk_spiral, mainiacjoe_overflow_cross_hatched,
          guppyfry_early_orc_mine
D:4:      layout_rooms, cheibriados_altar_1, nicolae_figureground_sparkle
D:5:      cheibrodos_fzero, layout_layer_cave, lemuel_blue_sif_altar,
          temple_statues, cheibrodos_sewer_entry_bend, uniq_eustachio,
          uniq_pikel, uniq_blork_the_orc
D:6:      nicolae_cairo_tiling, layout_cave_pods,
          grunt_dithmenos_smoke_and_mirrors, uniq_jeremiah, uniq_grinder,
          uniq_edmund
D:7:      layout_basic, mainiacjoe_overflow_boulevard, enter_ossuary_1,
          minivault_25, amcnicky_mini_corridor_feature, nicolae_shop_fire_sale
          [nicolae_sub_dead_trees]
D:8:      minmay_four_partial_circles, layout_loops_corners,
          grunt_temple_overflow_lords_of_destruction,
          mainiacjoe_overflow_concentric_impassable, wad_mini_maze, uniq_psyche
D:9:      layout_basic, mainiacjoe_overflow_catwalk,
          mainiacjoe_overflow_chevrons
D:10:     nzn_winding_woodlands_large [nzn_winding_woodlands_5x5_checkerboard,
          nzn_winding_woodlands_5x15_split_checker,
          nzn_winding_woodlands_5x5_closed_star,
          nzn_winding_woodlands_center_diamonds,
          nzn_winding_woodlands_15x15_boxy_spiral,
          nzn_winding_woodlands_center_garden,
          nzn_winding_woodlands_5x5_open_star,
          nzn_winding_woodlands_5x15_default,
          nzn_winding_woodlands_5x5_perimeter], layout_irregular_city,
          lemuel_doored_altar, regret_index_xom_buried_treasure, orc_0_dummy,
          wad_scary_box
Temple:   nicolae_temple_great_sept

Skill      XL: |  1  2  3  4  5  6  7  8  9 10 11 |
---------------+----------------------------------+-----
Fighting       | 2 4 5 6 8 10 | 10.0
Shapeshifting  | 4 5 6 8 9 10 | 10.5
Unarmed Combat | 4 8 10 | 10.0
Dodging        | 4 7 |  7.5

Action                     |  1- 3 |  4- 6 |  7- 9 | 10-12 || total
---------------------------+-------+-------+-------+-------++-------
  Melee: Unarmed           |    28 |       |       |    52 ||    80
         Tailslap          |     7 |    10 |    79 |    91 ||   187
         Dagger            |    68 |   128 |   406 |   334 ||   936
         Punch             |       |     4 |    15 |    27 ||    46
 Invoke: Oozemancy         |       |     1 |     2 |     2 ||     5
Ability: Breathe Acid      |       |       |       |     1 ||     1
  Evoke: Wand              |       |       |       |     2 ||     2
   Stab: Sleeping          |     1 |       |     2 |     1 ||     4
         Confused          |       |       |     3 |    12 ||    15
 Armour: Skin              |    48 |   121 |   251 |   298 ||   718
  Dodge: Dodged            |    68 |   110 |   282 |   253 ||   713
   Form: Blade             |       |       |       |     2 ||     2
                           |       |       |       |     1 ||     1
